Build Orders - Match 22987599 - cohdb - Company of Heroes 3 Replays
cohdb
Replays
Latest Replays
All Replays
Popular Replays
Top Player Replays
Match Explorer
How It Works
Community
CoH3 Stats
Reddit
Sign in to upload your games and track your stats! →
Sign in with Steam
Match 22987599
Unlisted
Match 22987599
Overview
Messages
Build Orders
End
Construct Section Command Post
Dingo Light Scout Car
Royal Engineer Section
Construct Field Infirmary
Infantry Section
Construct Platoon Command Post
Unlock Bishop Self-propelled Artillery
Bishop Self-propelled Artillery
Vickers Machine Gun Team
Construct Company Command Post
Crusader II Medium Tank
Crusader II Medium Tank
Selects Heavy Armor Battlegroup
Selects Light Vehicle Withdraw and Refit
Selects Forward Repair Assembly
Selects Engineer Detachments
Selects Recon Artillery
Recon Artillery
Royal Engineer Section
Crusader II Medium Tank
Recon Artillery
Infantry Section
Crusader II Medium Tank
Bishop Self-propelled Artillery
FUBU
playrule
SSpro
newbiechobo
R19
15688450
ruthless_exorcist
KOR-KINOrz
0
0
Comments
sign in to comment!
No comments posted yet!